 Dungeon Crawl Stone Soup version 0.22-a0-248-gc8378ba (webtiles) character file.

27 JeffiDaFish the Firebug (level 3, -1/26 HPs)
             Began as a Hill Orc Fire Elementalist on Feb 28, 2018.
             Slain by a jackal (2 damage)
             ... on level 1 of the Dungeon.
             The game lasted 00:02:54 (1255 turns).

JeffiDaFish the Firebug (HOFE)                      Turns: 1255, Time: 00:02:55

Health: -1/26      AC:  2    Str: 10    XL:     3   Next: 10%
Magic:  6/6        EV: 12    Int: 16    God:
Gold:   37         SH:  0    Dex: 11    Spells: 5/6 levels left

rFire    . . .     SeeInvis .   d - +0 spear
rCold    . . .     Gourm    .   (no shield)
rNeg     . . .     Faith    .   a - +0 robe
rPois    .         Spirit   .   (no helmet)
rElec    .         Reflect  .   (no cloak)
rCorr    .         Harm     .   (no gloves)
MR       .....                  (no boots)
Stlth    ++........             (no amulet)
HPRegen  0.08/turn              (no ring)
MPRegen  0.10/turn              (no ring)

@: no status effects
A: no striking features
a: no special abilities


You were on level 1 of the Dungeon.
You were not hungry.

You visited 1 branch of the dungeon, and saw 1 of its levels.

You collected 37 gold pieces.

Inventory:

Hand Weapons
 d - a +0 spear (weapon)
Armour
 a - a +0 robe (worn)
Potions
 e - a potion of agility
Comestibles
 b - 2 rations


   Skills:
 - Level 1.6 Dodging
 - Level 1.5 Stealth
 * Level 2.0 Spellcasting
 + Level 1.3 Conjurations
 * Level 4.0 Fire Magic


You had 5 spell levels left.
You knew the following spells:

 Your Spells              Type           Power        Failure   Level  Hunger
a - Flame Tongue          Conj/Fire      ##...        7%          1    #......


Dungeon Overview and Level Annotations

Branches:
Dungeon (1/15)

Altars:


Message History

The jackal misses you. The giant cockroach barely misses you.
The jackal completely misses you. The jackal closely misses you.
The giant cockroach misses you. The jackal barely misses you.
The jackal bites you.
* * * LOW HITPOINT WARNING * * *
The giant cockroach misses you. The jackal barely misses you.
The jackal bites you but does no damage.
The jackal closely misses you. The giant cockroach barely misses you.
The jackal misses you. x2
The giant cockroach bites you but does no damage.
The jackal completely misses you. The jackal bites you.
* * * LOW HITPOINT WARNING * * *
The jackal barely misses you.
The giant cockroach bites you but does no damage.
The jackal bites you.
* * * LOW HITPOINT WARNING * * *
The jackal bites you.
You die...

######### ........#
...## ........##....#
........##....###
........##......##
........##..8....+
......hh##......). #
....?.s@##....... ..
.............###########
...#....................
. #.........###########
#...........(........
#.........###########
#.........# #..
#.........# #.#
########### #.#


You could see 2 jackals and a giant cockroach.

Vanquished Creatures
  2 dart slugs (D:1)
  3 bats (D:1)
  A giant cockroach (D:1)
  4 goblins (D:1)
  4 jackals (D:1)
  2 kobolds (D:1)
  A ball python (D:1)
  3 frilled lizards (D:1)
20 creatures vanquished.

Notes
Turn   | Place    | Note
-------+----------+-------------------------------------------
     0 | D:1      | JeffiDaFish the Hill Orc Fire Elementalist began the quest for the Orb.
     0 | D:1      | Reached XP level 1. HP: 14/14 MP: 3/3
   284 | D:1      | Reached XP level 2. HP: 14/20 MP: 4/4
   345 | D:1      | HP: 1/20 [jackal (1)]
   943 | D:1      | Reached XP level 3. HP: 26/26 MP: 5/5
  1053 | D:1      | Reached skill level 4 in Fire Magic
  1254 | D:1      | HP: 1/26 [jackal (1)]
  1255 | D:1      | Slain by a jackal

Vault maps used:
D:1:      nicolae_arrival_somewhat_less_tricky_arrival, minmay_cupped

Skill      XL: |  1  2  3 |
---------------+----------+-----
Fire Magic     | 4 |  4.0
Spellcasting   | 2 |  2.0
Dodging        | |  1.6
Stealth        | |  1.5
Conjurations   | |  1.3

Action                   || total
-------------------------++-------
Melee: Unarmed           ||    20
       Spear             ||    61
 Cast: Flame Tongue      ||     8
  Use: Potion            ||     4
       Scroll            ||     3
  Eat: Chunk             ||     1
Armor: Robe              ||    37
Dodge: Dodged            ||   120

Table legend:
 A = Spawn XP
 B = Non-spawn XP
 C = Spawn XP percentage of total XP
 D = Spawn monster count
 E = Non-spawn monster count
 F = Spawn count percentage of total count
 G = Total turns spent on level
                    A         B        C        D         E        F      G
               +---------+---------+-------+---------+---------+-------+---------
         Total |       0 |      39 |   0.0 |       0 |      20 |   0.0 |  1255
               +---------+---------+-------+---------+---------+-------+---------
           D:1 |       0 |      39 |   0.0 |       0 |      20 |   0.0 |  1255
               +---------+---------+-------+---------+---------+-------+---------
